AoeStats
← 十大地方

African Clearing

510661404Analyzed
4v4 RM · 18h ago on Oct 2, 2026· 34m 54s· 8 players
Game mode
Random Map
Map size
Large (8 player)
Population
200
Speed
Normal
Resources
Standard
Victory
Conquest
Starting age
Dark Age
Ending age
Imperial Age
RankedLock teamsTeams togetherTeam positionsShared explorationLock speedFull tech treeHidden civsTurbo modeCheats
Victory
Defeat
🇦🇷 Koreans · Argentina
1945
+2
🇨🇳 Burgundians · China
1796
+5
🇧🇴 Poles · Bolivia
1775
+6
🇨🇳 Italians · China
1775
+5
🇲🇽 Armenians · Mexico
1635
-7
🇲🇽 Chinese · Mexico
1548
-5
🇭🇳 Tatars · Honduras
1425
-3
🇨🇴 Huns · Colombia
1383
-3
III
8:13 Double-Bit Axe
13:08 Feudal Age
16:58 Castle Age
15:11 Horse Collar
16:16 Bow Saw
16:53 Bow Saw
16:37 Loom
21:56 Scale Barding Armor
25:24 Wheelbarrow
24:34 Town Watch
26:59 Ballistics
26:55 Town Watch
27:03 Gold Mining
32:18 Stone Mining
33:21 Heavy Plow
37:10 Imperial Age
35:41 Hand Cart
36:05 Gold Shaft Mining
36:06 Stone Shaft Mining
Gary_zZ
12:54 Feudal Age
13:05 Loom
14:27 Double-Bit Axe
16:48 Castle Age
16:40 Fletching
17:51 Bow Saw
18:25 Bodkin Arrow
27:06 Horse Collar
28:20 Ballistics
30:41 Wheelbarrow
29:52 Town Watch
30:54 Husbandry
32:25 Thumb Ring
33:34 Hand Cart
36:50 Imperial Age
ADC
13:45 Feudal Age
14:28 Loom
17:28 Castle Age
15:35 Double-Bit Axe
18:22 Bow Saw
19:11 Forging
19:38 Horse Collar
23:46 Husbandry
24:10 Town Watch
25:20 Wheelbarrow
26:02 Heavy Plow
26:24 Scale Barding Armor
29:48 Hand Cart
33:24 Imperial Age
31:16 Bloodlines
31:44 Chain Barding Armor
31:26 Gold Mining
32:35 Szlachta Privileges
33:46 Iron Casting
33:59 Cavalier
35:54 Blast Furnace
35:51 Conscription
十大地方
10:26 Loom
12:47 Feudal Age
13:18 Double-Bit Axe
18:02 Castle Age
16:11 Fletching
17:12 Gold Mining
18:47 Bodkin Arrow
18:15 Crossbowman
23:47 Wheelbarrow
23:41 Bow Saw
25:36 Ballistics
26:23 Horse Collar
33:12 Imperial Age
30:29 Town Watch
32:19 Padded Archer Armor
32:59 Stone Mining
34:04 Bracer
35:44 Chemistry
Viva Cristo
5:20 Loom
13:50 Feudal Age
14:44 Double-Bit Axe
15:45 Fletching
15:56 Padded Archer Armor
18:31 Castle Age
19:15 Bodkin Arrow
22:21 Husbandry
29:22 Ballistics
Francisco Morazán
6:39 Loom
14:29 Feudal Age
18:26 Castle Age
16:31 Double-Bit Axe
19:36 Gold Mining
20:32 Bow Saw
21:00 Fletching
22:18 Wheelbarrow
22:28 Padded Archer Armor
23:03 Elite Skirmisher
26:08 Leather Archer Armor
27:02 Horse Collar
28:22 Bodkin Arrow
Wazded
6:25 Loom
13:09 Feudal Age
15:44 Double-Bit Axe
18:24 Castle Age
20:01 Fletching
20:37 Bow Saw
23:05 Bodkin Arrow
29:40 Padded Archer Armor
30:40 Ballistics
31:17 Town Watch
SSBARTO EL MANO LARGA
3:23 Loom
14:39 Feudal Age
15:42 Double-Bit Axe
20:26 Castle Age
20:14 Forging
24:50 Bow Saw
29:13 Scale Mail Armor
30:33 Stone Mining
30:52 Town Watch
32:27 Fletching
Connection lost

Rejoining the realm…

Still unreachable

The connection could not be restored.

Session expired

The server has moved on; the page needs a fresh start.